 Dungeon Crawl Stone Soup version 0.24.0-125-gc4c63601f3 (webtiles) character file.

Game seed: 173146662395854926, levelgen mode: deterministic

108 Curus the Poker (level 4, 0/39 HPs)
             Began as a Minotaur Monk on Feb 28, 2020.
             Slain by Robin
             ... wielding a +0 trident
              (1 damage)
             ... on level 3 of the Dungeon.
             The game lasted 00:06:20 (2110 turns).

Curus the Poker (Minotaur Monk)                     Turns: 2110, Time: 00:06:21

Health: 0/39       AC:  3    Str: 16    XL:     4   Next: 58%
Magic:  3/3        EV: 13    Int:  7    God:
Gold:   95         SH:  0    Dex: 13    Spells: 3/3 levels left

rFire    . . .     SeeInvis .   a - +0 spear
rCold    . . .     Gourm    .   (no shield)
rNeg     . . .     Faith    .   f - +0 leather armour
rPois    .         Spirit   .   (helmet restricted)
rElec    .         Reflect  .   (no cloak)
rCorr    .         Harm     .   (no gloves)
MR       .....                  (no boots)
Stlth    ++........             (no amulet)
HPRegen  0.13/turn              (no ring)
MPRegen  0.08/turn              (no ring)

@: no status effects
A: retaliatory headbutt, horns 2
a: no special abilities


You were on level 3 of the Dungeon.
You were not hungry.

You visited 1 branch of the dungeon, and saw 3 of its levels.

You collected 95 gold pieces.

Inventory:

Hand Weapons
 a - a +0 spear (weapon)
Armour
 b - a +0 robe
 f - a +0 leather armour (worn)
Scrolls
 d - 2 scrolls of remove curse
 e - 2 scrolls of identify
 h - a scroll of fog
Comestibles
 c - 3 rations
 g - a chunk of flesh


   Skills:
 - Level 3.6 Fighting
 + Level 6.5 Polearms
 - Level 3.2 Dodging
 - Level 1.5 Stealth


You had 3 spell levels left.
You didn't know any spells.
Your spell library was empty.

Dungeon Overview and Level Annotations

Branches:
Dungeon (3/15)

Altars:
Ru
Wu Jian

Annotations:
D:3 Robin


Innate Abilities, Weirdness & Mutations

You reflexively headbutt those who attack you in melee.
You have a pair of horns on your head.


Message History

You hit the hobgoblin but do no damage. The goblin completely misses you.
The goblin misses you.
You see here a +0 dagger.
The hobgoblin hits you with a +0 club.
* * * LOW HITPOINT WARNING * * *
You see here a shiny chain mail.
You hit the hobgoblin.
You kill the hobgoblin!
You hit the goblin.
The goblin is moderately wounded.
The goblin hits you but does no damage.
You hit the goblin but do no damage.
Robin roars a battlecry!
The goblin goes into a battle-frenzy!
You hit the goblin.
The goblin is heavily wounded.
The goblin misses you. You furiously retaliate!
You headbutt the goblin!
You kill the goblin!
Robin hits you from afar with a +0 trident.
You die...

##### ....#
###...# #@#...#
##)##.=#
.#..g#..#
#..###)..#
#.#...#.)#######
#.##.##..†.).g..
#. #.#.)######g#
...#...# .###..#


You could see Robin.

Vanquished Creatures
  3 adders
  A worm (D:3)
  4 dart slugs
  2 leopard geckos
  7 bats
  2 giant cockroaches (D:2)
  17 goblins
  6 hobgoblins
  6 jackals
  5 kobolds
  A ball python (D:2)
  5 frilled lizards
  5 rats
64 creatures vanquished.

Notes
Turn   | Place    | Note
-------+----------+-------------------------------------------
     0 | D:1      | Curus the Minotaur Monk began the quest for the Orb.
     0 | D:1      | Reached XP level 1. HP: 19/19 MP: 0/0
    61 | D:1      | Reached skill level 4 in Polearms
   177 | D:1      | Reached XP level 2. HP: 26/26 MP: 1/1
   734 | D:1      | Reached skill level 5 in Polearms
   812 | D:1      | Reached XP level 3. HP: 21/31 MP: 2/2
  1257 | D:2      | Found a faded altar of an unknown god.
  1258 | D:2      | Found a sacrificial altar of Ru.
  1267 | D:2      | Found an ornate altar of the Wu Jian Council.
  1825 | D:2      | Reached skill level 6 in Polearms
  1825 | D:2      | Reached XP level 4. HP: 32/39 MP: 3/3
  2076 | D:3      | Noticed Robin
  2106 | D:3      | HP: 1/39 [hobgoblin/+0 club[Robin] (6)]
  2110 | D:3      | Slain by Robin

Levels and vault maps discovered:
D:1:      lightli_arrival_statue_moat, layout_loops_corners, st_stairs_7
D:2:      layout_basic, overflow_temple_1_default, overflow_temple_1_default,
          chequers_ecumenical_altar_simple, first_ration,
          kennysheep_decorative_pillar, kennysheep_generic_room_13
D:3:      cheibrodos_fertilizer, layout_loops_ring, okawaru_metal_pillars_1_2,
          dk_noncrumbling_4, minmay_ruptured, uniq_robin

Skill      XL: |  1  2  3 |
---------------+----------+-----
Polearms       | 4 5 6 |  6.5
Fighting       | |  3.6
Dodging        | |  3.2
Stealth        | |  1.5

Action                   |  1- 3 |  4- 6 || total
-------------------------+-------+-------++-------
Melee: Spear             |   117 |    51 ||   168
       Headbutt          |    21 |     6 ||    27
  Use: Scroll            |     7 |       ||     7
       Potion            |     2 |       ||     2
 Stab: Sleeping          |     6 |     1 ||     7
       Distracted        |       |     1 ||     1
  Eat: Chunk             |     3 |     1 ||     4
Armor: Robe              |     8 |       ||     8
       Leather armour    |     7 |     7 ||    14
Dodge: Dodged            |    53 |    31 ||    84
